 Dungeon Crawl Stone Soup version 0.31.0-11-ge490571c62 (webtiles) character file.

Game seed: 10973634343529407209

79 qw the Shooter (level 4, -10/25 HPs)
             Began as a Deep Elf Hunter on Feb 3, 2024.
             Mangled by a gnoll
             ... wielding a +0 halberd
              (15 damage)
             ... on level 2 of the Dungeon.
             The game lasted 00:00:04 (1254 turns).

qw the Shooter (Deep Elf Hunter)                    Turns: 1254, Time: 00:00:05

Health: -10/25     AC:  4    Str: 10    XL:     4   Next: 16%
Magic:  6/6        EV: 12    Int: 14    God:
Gold:   75         SH:  0    Dex: 18    Spells: 3/3 levels left

rFire   . . .        a - +2 shortbow
rCold   . . .        (shield currently unavailable)
rNeg    . . .        c - +0 leather armour
rPois   .            (no helmet)
rElec   .            (no cloak)
rCorr   .            i - +0 pair of gloves
SInv    .            (no boots)
Will    .....        (no amulet)
Stlth   ++           (no ring)
HPRegen 0.24/turn    (no ring)
MPRegen 0.10/turn

%: no passive effects
@: about to teleport
A: no striking features
a: no special abilities


You were on level 2 of the Dungeon.
You visited 1 branch of the dungeon, and saw 2 of its levels.

You collected 75 gold pieces.


   Skills:
 - Level 1.5 Fighting
 + Level 7.6 Ranged Weapons
 - Level 2.4 Dodging
 - Level 1.2 Stealth


You had 3 spell levels left.
You didn't know any spells.
Your spell library was empty.

Inventory:

Hand Weapons
 a - a +2 shortbow (weapon)
Armour
 b - a +0 scale mail
 c - a +0 leather armour (worn)
 g - a +2 hat
 i - a +0 pair of gloves (worn)
Scrolls
 f - 2 scrolls of identify
Potions
 e - a potion of curing {unknown}
 h - a potion of might {unknown}

Dungeon Overview and Level Annotations

Branches:
Dungeon (2/15)

Altars:


Message History

The adder is almost dead.
You shoot an arrow. The arrow barely misses the adder.
You shoot an arrow. The arrow closely misses the adder.
The adder bites you but does no damage.
You shoot an arrow. The arrow hits the adder.
You kill the adder!
You have reached level 4!
You feel clever.
A gnoll comes into view. It is wielding a +0 halberd.
You shoot an arrow. The arrow hits the gnoll!
The gnoll shouts!
The gnoll is heavily wounded.
You hear a shout!
You shoot an arrow. The arrow hits the gnoll.
The gnoll is severely wounded.
A gnoll comes into view. It is wielding a +0 halberd.
You shoot an arrow.
The arrow hits the gnoll but does no damage.
The gnoll is severely wounded.
You shoot an arrow. The arrow closely misses the gnoll.
The gnoll misses you.
You shoot an arrow. The arrow hits the gnoll.
You kill the gnoll!
A gnoll comes into view. It is wielding a +0 club.
You shoot an arrow. The arrow barely misses the gnoll.
The gnoll barely misses you.
You shoot an arrow. The arrow barely misses the gnoll.
A gnoll comes into view. It is wielding a +0 spear.
The gnoll hits you from afar with a +0 halberd!
You shoot an arrow. The arrow closely misses the gnoll.
The gnoll shouts!
The gnoll misses you.
You shoot an arrow. The arrow hits the gnoll.
The gnoll is moderately wounded.
The gnoll hits you from afar with a +0 halberd!
1254 ||| READING scroll of teleportation.
As you read the scroll of teleportation, it crumbles to dust.
You feel strangely unstable.
The gnoll hits you from afar with a +0 halberd!
Ouch! That really hurt!
You die...

...). ####.......#
#..#.# ...##
........##.# #.##.#
.#.#
#..^....##.###.##.#
...#
#....(..........#
...##
#....##.###%#..#
....# # #.##.##.#
#.#..# ...## #.#.
#.......###.#..# ...#
#...g##....%.....#..#
..##
#..gg@.#.########..#
..# #....####.# ####
#..# ..# ###. #.# #..
...# ..# # #.# #.#
#.# . ..# #####.###.#
#.##. ..#
#.........#####.##.
..#
#.#.###..............
#.# #.#.#
#####.#........ #.#
#.#.# ##..........


You could see 3 gnolls.

Vanquished Creatures
  An adder (D:2)
  2 gnolls
  5 dart slugs
  3 ball pythons
  5 endoplasms (D:1)
  7 goblins
  3 hobgoblins (D:1)
  2 quokkas (D:1)
  5 bats
  A frilled lizard (D:1)
  2 kobolds (D:1)
  3 rats (D:1)
39 creatures vanquished.

Notes
Turn   | Place    | Note
-------+----------+-------------------------------------------
     0 | D:1      | qw the Deep Elf Hunter began the quest for the Orb.
     0 | D:1      | Reached XP level 1. HP: 12/12 MP: 3/3
     0 | D:1      | 0 ||| qw: Version: 0.3-a-155-g5e7d8dd
     0 | D:1      | 0 ||| qw: Game counter: 3533
     0 | D:1      | 0 ||| qw: Melee chars always use a shield: true
     0 | D:1      | 0 ||| qw: God list: Okawaru
     0 | D:1      | 0 ||| qw: Allow faded altars: false
     0 | D:1      | 0 ||| qw: Do Orc after clearing Dungeon:15 true
     0 | D:1      | 0 ||| qw: Do second Lair branch before Depths: true
     0 | D:1      | 0 ||| qw: Lair rune preference: random
     0 | D:1      | 0 ||| qw: Goals: Normal
     0 | D:1      | 0 ||| PLANNING D:1-11
   180 | D:1      | Reached XP level 2. HP: 16/16 MP: 4/4
   186 | D:1      | Reached skill level 6 in Ranged Weapons
   367 | D:1      | Reached XP level 3. HP: 13/20 MP: 5/5
   583 | D:1      | Reached skill level 7 in Ranged Weapons
   801 | D:1      | 801 ||| UPGRADING to +0 pair of gloves.
   806 | D:1      | 806 ||| DROPPING ring of flight.
   807 | D:1      | 807 ||| READING scroll labelled VAEDACH DUXZUM.
   807 | D:1      | 807 ||| IDENTIFYING brown potion
   808 | D:1      | 808 ||| READING 2 scrolls labelled MEED UTHEOTHRO.
   808 | D:1      | 808 ||| ENCHANTING +0 shortbow.
   809 | D:1      | 809 ||| READING scroll of enchant weapon.
   809 | D:1      | 809 ||| ENCHANTING +1 shortbow.
   810 | D:1      | 810 ||| READING scroll labelled WUHOGR NOUT.
   814 | D:1      | 814 ||| DRINKING 2 bubbling inky potions.
   815 | D:1      | 815 ||| DROPPING scroll of butterflies.
   816 | D:1      | 816 ||| DROPPING potion of attraction.
   817 | D:1      | 817 ||| DROPPING potion of brilliance.
  1173 | D:2      | Identified the +1 whip of the Ecumenical Temple {pain,
                  | Str+3 Int+8}
  1239 | D:2      | Reached XP level 4. HP: 25/25 MP: 6/6
  1253 | D:2      | HP: 5/25 [gnoll/+0 halberd (9)]
  1254 | D:2      | 1254 ||| READING scroll of teleportation.
  1254 | D:2      | Mangled by a gnoll

Levels and vault maps discovered:
D:1:      lightli_arrival_boilingwater, layout_basic, minmay_statues_item
D:2:      layout_loops_ring, lemuel_flame_loot_1

Skill      XL: |  1  2  3 |
---------------+----------+-----
Ranged Weapons | 6 7 |  7.6
Fighting       | |  1.5
Dodging        | |  2.4
Stealth        | |  1.2

Action                     |  1- 3 |  4- 6 || total
---------------------------+-------+-------++-------
   Fire: Shortbow          |    89 |     9 ||    98
    Use: Scroll            |     4 |     1 ||     5
         Potion            |     1 |       ||     1
 Armour: Leather armour    |     7 |     3 ||    10
  Dodge: Dodged            |    11 |     3 ||    14

Table legend:
 A = Non-vault XP
 B = Vault XP
 C = Vault XP percentage of total XP
 D = Non-vault monster count
 E = Vault monster count
 F = Vault count percentage of total count
                 A         B        C        D         E       F
            +---------+---------+-------+---------+---------+-------
      Total |     113 |       0 |   0.0 |      39 |       0 |   0.0
            +---------+---------+-------+---------+---------+-------
        D:1 |      70 |       0 |   0.0 |      31 |       0 |   0.0
        D:2 |      43 |       0 |   0.0 |       8 |       0 |   0.0
            +---------+---------+-------+---------+---------+-------
